 Dungeon Crawl Stone Soup version 0.20.0-15-g7f486f2 (webtiles) character file.

632348 fili the Conqueror (level 27, -17/179 HPs)
             Began as a Gargoyle Berserker on June 9, 2017.
             Was a High Priest of Trog.
             Demolished by a quicksilver dragon (23 damage)
             ... on level 5 of the Realm of Zot on June 18, 2017.
             The game lasted 15:50:54 (72765 turns).

fili the Conqueror (Gargoyle Berserker)            Turns: 72765, Time: 15:50:55

Health: -17/179    AC: 50    Str: 50    XL:     27
Magic:  0/5        EV: 25    Int: 31    God:    Trog [*****.]
Gold:   2866       SH:  0    Dex: 14    Spells: 26/26 levels left

rFire    + + +     SeeInvis +   a - +2 great mace "Miatuqul" {crush, +Fly Int+7 Dex+3}
rCold    + + +     Gourm    .   (shield currently unavailable)
rNeg     + + +     Faith    .   L - +6 chain mail of the Ban {rPois MR+ Regen+ MP-9}
rPois    ∞         Spirit   +   U - +2 hat
rElec    +         Reflect  .   q - +2 cloak {MR+}
rCorr    +         Harm     .   l - +2 pair of gloves "Axujoel" {rN++}
MR       ++++.                  C - +2 pair of boots
Stlth    ..........             N - amulet of Isudos {Spirit rElec rF+ Int+7}
Regen    0.8/turn               K - ring "Mury" {rC+ Str+6 Int+5 SInv}
MPRegen  0.1/turn               S - ring of Saqediuh {*Contam rF+ rC+++ MP-9 Str+10}

@: resistant, berserk cooldown, flying, slowed, very slow
A: big wings, beak, agile 1, blurry vision 1, clever 1, deformed body,
deterioration 1, fire resistance 1, frail 1, negative energy resistance 1, sense
surroundings 1, screaming 1, electricity resistance, strong 1, unbreathing,
petrification resistance, rot immunity, AC +20
}: 3/15 runes: decaying, serpentine, silver
a: Stop Flying, Berserk, Trog's Hand, Brothers in Arms, Burn Spellbooks,
Renounce Religion


You were on level 5 of the Realm of Zot.
You worshipped Trog.
Trog was extremely pleased with you.
You were not hungry.

You visited 9 branches of the dungeon, and saw 49 of its levels.

You collected 6940 gold pieces.
You spent 4074 gold pieces at shops.

Inventory:

Hand Weapons
 a - the +2 great mace "Miatuqul" (weapon) {crush, +Fly Int+7 Dex+3}
   (Trog gifted it to you on level 4 of the Snake Pit)

   It inflicts extra damage upon your enemies.
   It affects your intelligence (+7).
   It affects your dexterity (+3).
   It lets you fly.
 b - a +7 triple crossbow of flaming
Missiles
 t - 1687 bolts
Armour
 l - the +2 pair of gloves "Axujoel" (worn) {rN++}
   (You found it on level 3 of the Elven Halls)

   It greatly protects you from negative energy.
 q - a +2 cloak of magic resistance (worn)
 C - a +2 pair of boots (worn)
 H - a scarf of cloud immunity
 L - the +6 chain mail of the Ban (worn) {rPois MR+ Regen+ MP-9}
   (You found it on level 5 of the Lair of Beasts)

   It protects you from poison.
   It affects your resistance to hostile enchantments.
   It affects your magic capacity (-9).
   It increases your rate of regeneration.
 T - a scarf of repulsion
 U - a +2 hat (worn)
Jewellery
 x - the ring "Wiup" {rPois rF+ MR+ Stlth+}
   (You found it on level 3 of the Swamp)

   [ring of protection from fire]

   It protects you from fire.
   It protects you from poison.
   It affects your resistance to hostile enchantments.
   It makes you more stealthy.
 K - the ring "Mury" (left hand) {rC+ Str+6 Int+5 SInv}
   (You found it on level 14 of the Dungeon)

   [ring of protection from cold]

   It affects your strength (+6).
   It affects your intelligence (+5).
   It protects you from cold.
   It lets you see invisible.
 N - the amulet of Isudos (around neck) {Spirit rElec rF+ Int+7}
   (You bought it in a shop on level 2 of the Depths)

   [amulet of guardian spirit]

   It causes incoming damage to be split between your health and magic.
   It affects your intelligence (+7).
   It protects you from fire.
   It insulates you from electricity.
 S - the ring of Saqediuh (right hand) {*Contam rF+ rC+++ MP-9 Str+10}
   (You took it off a spriggan berserker on level 3 of the Depths)

   [ring of protection from fire]

   It affects your strength (+10).
   It protects you from fire.
   It renders you almost immune to cold.
   It affects your magic capacity (-9).
   It causes magical contamination when unequipped.
Wands
 p - a wand of clouds (7/9)
 w - a wand of digging (21/24)
 P - a wand of random effects (32/48)
 Q - a wand of lightning (2/15)
 W - a wand of iceblast (7/15)
Scrolls
 i - 17 scrolls of remove curse
 m - 18 scrolls of teleportation
 n - 3 scrolls of recharging
 v - a scroll of brand weapon
 y - 3 scrolls of enchant weapon
 z - 2 scrolls of holy word
 A - 2 scrolls of enchant armour
 B - 16 scrolls of identify
 D - 3 scrolls of fog
 M - 4 scrolls of fear
 X - 2 scrolls of silence
Potions
 f - 18 potions of curing
 h - 2 potions of invisibility
 j - 5 potions of might
 r - 4 potions of brilliance
 s - 4 potions of haste
 E - 10 potions of heal wounds
 F - 2 potions of agility
 I - 2 potions of resistance
 V - 2 potions of magic
 Y - a potion of ambrosia
 Z - 7 potions of lignification
Books
 G - a book of the Dragon

   Spells                             Type                      Level
   a - Flame Tongue                   Conjuration/Fire             1
   b - Cause Fear                     Hexes                        4
   c - Bolt of Fire                   Conjuration/Fire             6
   d - Dragon Form                    Transmutation                7
   e - Dragon's Call                  Summoning                    9
   Trog disapproves of the use of such an item.
 R - a book of the Warp

   Spells                             Type                      Level
   a - Gell's Gravitas                Translocation                3
   b - Portal Projectile              Hexes/Translocation          3
   c - Force Lance                    Conjuration/Translocation    4
   d - Dispersal                      Translocation                6
   e - Controlled Blink               Translocation                8
   f - Disjunction                    Translocation                8
   Trog disapproves of the use of such an item.
Miscellaneous
 d - a sack of spiders
 g - a lightning rod (4/4)
 J - a phial of floods
Comestibles
 c - 29 bread rations
 k - a royal jelly
 o - 38 meat rations


   Skills:
 O Level 27 Fighting
   Level 7.0(14.6) Axes
 - Level 21.0(21.3) Maces & Flails
 - Level 13.1 Crossbows
 - Level 18.3 Armour
 + Level 22.8 Dodging


You had 26 spell levels left.
You didn't know any spells.

Dungeon Overview and Level Annotations

Branches:
Dungeon (15/15)            Temple (0/1) D:4            Lair (6/6) D:11
  Swamp (4/4) Lair:4        Snake (4/4) Lair:4        Slime (0/5) Lair:5
    Orc (2/2) D:11            Elf (3/3) Orc:2        Vaults (5/5) D:13
  Crypt (0/3) Vaults:3     Depths (5/5) D:15            Zot (5/5) Depths:5

Altars:
Gozag
Kikubaaqudgha
Makhleb
Nemelex Xobeh
Qazlal
Ru
Sif Muna
Vehumet
Yredelemnul
Lugonu

Shops:
D:10 %%(   D:11 (   D:13 %   Orc:1 *((!*   Orc:2 :%%?   Elf:1 ?**!*   Elf:2 }
Snake:1 %([   Vaults:3 [   Depths:2 }=}   Depths:5 ?

Portals:
Hell: Depths:1 Depths:2 Depths:3 Depths:4 Depths:5
Abyss: Depths:1 Depths:4*
Pandemonium: Depths:1 Depths:2 Depths:3
Ziggurat: Depths:5

Annotations:
D:10 magasin bouffe
D:14 1 runed door
Lair:2 exclusion: 2 oklob plants
Lair:4 exclusion: 3 oklob plants
Snake:1 2 transporters
Snake:4 Saint Roka
Orc:2 exclusion: oklob plant
Elf:2 1 runed door
Vaults:2 exclusion: obsidian statue
Depths:3 1 runed door


Innate Abilities, Weirdness & Mutations

You are resistant to torment.
Your stone body is resilient. (AC +20)
You are immune to poison.
Your large and strong wings let you fly indefinitely.
You resist negative energy. (rN+)
You are resistant to electric shocks. (rElec)
You can survive without breathing.
You are immune to petrification.
You are immune to rotting.
You have a beak for a mouth.
You are agile. (Dex +2)
Scrolls take you a little longer to read.
Your mind is acute. (Int +2)
Armour fits poorly on your strangely shaped body.
Your body sometimes deteriorates upon taking damage.
Your flesh is heat resistant. (rF+)
You are frail. (-10% HP)
You passively map a small area around you.
You occasionally shout uncontrollably at your foes.
Your muscles are strong. (Str +2)


Message History

* * * LOW HITPOINT WARNING * * *
The quicksilver dragon bites you!
* * * LOW HITPOINT WARNING * * *
The quicksilver dragon completely misses you.
The white draconian rages.
The storm dragon bites you but does no damage.
The storm dragon barely misses you. The storm dragon completely misses you.
Your ogre closely misses the storm dragon.
The quicksilver dragon closely misses you.
The quicksilver dragon completely misses you.
The storm dragon completely misses you.
The storm dragon claws you but does no damage.
The storm dragon closely misses you.
Really read with blurry vision while enemies are nearby?
Okay, then.
The quicksilver dragon completely misses you.
The quicksilver dragon barely misses you.
Your ogre closely misses the storm dragon.
The quicksilver dragon bites you!!
You die...

#####.#####....#####.########....
#####....###§≈§#* #.#*## #....
....#....##≈≈≈≈≈## #.##§## #....
..<.#....#§§§§§§≈###.#≈≈§## ###≈≈
.......####≈≈........≈≈§≈≈#* #≈§
.......# ##§........≈≈≈≈≈≈#* ##≈
.......# ##........§≈≈§§≈≈* ##
.......# #....d†..≈§≈≈§≈≈* ##
.......# #...@Dd..#§≈§≈≈§* #.
.......# #....D.d.##§§≈≈#* *#.
.......# ***#.....O..####§#≈#*#≈.
....#### *≈≈§≈≈≈§##≈≈...≈≈≈≈≈≈§§§
#####*****▓▓▓########.########▓▓▓
,,,,,,,,** #......)........#
,,,,,,,,,** *#.............#* *
,,,,,,,,,,** #.............# **
,,,,,,,,,,,* ##...........## *,


You could see a storm dragon (berserk), a yellow draconian (berserk), 2
draconians, a quicksilver dragon (berserk) and a friendly ogre (berserk).

Vanquished Creatures
  An orb of fire (Zot:5)
  Mara (Depths:3)
  3 ancient liches
  2 juggernauts (Depths:3)
  Boris (Depths:3)
  Margery (Depths:3)
  A caustic shrike (shapeshifter) (Depths:3)
  A caustic shrike (Depths:3)
  3 curse toes (Zot:3)
  15 golden dragons
  A bone dragon (Zot:4)
  2 electric golems
  2 liches
  17 tentacled monstrosities
  3 titans
  7 Orb Guardians (Zot:5)
  Asterion (Snake:2)
  3 deep elf blademasters
  2 deep elf master archers (Elf:3)
  3 quicksilver dragons
  9 tengu reavers
  3 sphinxes
  Frances (D:12)
  Agnes (Elf:1)
  9 death cobs
  15 storm dragons
  9 shadow dragons
  A thorn hunter (Swamp:3)
  2 draconian monks
  7 nagarajas
  Aizul (Vaults:1)
  12 fire giants
  2 iron dragons
  2 ghost moths
  8 frost giants
  8 deep elf sorcerers
  2 draconian knights
  An orc warlord (D:11)
  A ghost moth (shapeshifter) (Vaults:5)
  13 vault wardens
  7 draconian shifters
  4 draconian scorchers
  7 deep elf elementalists
  5 draconian annihilators
  A spriggan defender (Depths:2)
  2 ghouls
  16 ironheart preservers
  14 very ugly things
  24 stone giants
  3 entropy weavers
  8 deep elf demonologists
  A vampire knight (Depths:3)
  10 black draconians
  Azrael (D:12)
  Nessos (D:12)
  8 green draconians
  4 red draconians
  5 purple draconians
  3 deep elf annihilators (Elf:3)
  9 white draconians
  5 spark wasps
  11 yellow draconians
  16 ettins
  10 deep elf death magi
  Snorg (Lair:6)
  15 fire dragons
  A merfolk impaler (Depths:1)
  2 deep elf high priests (Elf:3)
  6 great orbs of eyes
  Harold (Lair:4)
  25 vault guards
  15 yaktaur captains
  5 rakshasas
  21 hydras
  3 death knights
  A hell beast (Depths:1)
  12 naga warriors
  20 ogre magi
  2 spriggan air magi
  A catoblepas (Depths:1)
  15 ice dragons
  16 anacondas
  An anaconda (shapeshifter) (Vaults:4)
  45 two-headed ogres
  9 centaur warriors
  27 dancing weapons
  6 ghost crabs
  7 deep troll earth magi
  13 deep troll shamans
  8 tengu warriors
  3 vampire magi
  10 alligators
  12 naga sharpshooters
  6 death yaks
  The ghost of salade2fruit the Fighter, a novice OpCj of Ashenzari (D:10)
  11 shock serpents
  5 orc high priests
  4 spriggan berserkers
  21 deep elf knights
  2 shadow wraiths
  5 skeletal warriors
  5 iron trolls
  A large abomination (Elf:3)
  8 salamander mystics
  20 hell knights
  4 spriggan druids
  37 deep trolls
  A sea snake (shapeshifter) (Vaults:3)
  3 unseen horrors
  5 glowing orange brains
  An unseen horror (shapeshifter) (Depths:2)
  4 flayed ghosts
  A glowing orange brain (shapeshifter) (Vaults:1)
  25 deep elf archers
  9 swamp dragons
  2 phantasmal warriors
  10 naga ritualists
  7 wizards
  7 lindwurms
  2 shambling mangroves
  A sphinx zombie (Depths:2)
  12 ironbrand convokers
  12 harpies
  6 necromancers
  An orb spider (shapeshifter) (D:9)
  16 mana vipers
  20 orc knights
  6 orc sorcerers
  73 deep elf magi
  A fire giant zombie (Depths:2)
  42 ugly things
  3 manticores
  23 moths of wrath
  5 wolf spiders
  A shadow dragon skeleton (D:15)
  19 salamanders
  4 cyclopes
  A shining eye (shapeshifter) (Depths:3)
  15 elephants
  A stone giant skeleton (Depths:2)
  2 ice statues (Depths:4)
  23 naga magi
  9 guardian serpents
  A black mamba (shapeshifter) (D:14)
  4 gargoyles
  18 vault sentinels
  48 black mambas
  An eye of devastation (shapeshifter) (Vaults:3)
  26 spiny frogs
  3 rime drakes
  2 tengu conjurers
  A kobold demonologist (D:12)
  6 freezing wraiths
  A komodo dragon (shapeshifter) (Depths:2)
  9 komodo dragons
  49 yaktaurs
  3 ice devils (Depths:4)
  A red devil (Depths:1)
  A spriggan skeleton (D:15)
  4 tyrant leeches
  2 wind drakes (shapeshifter)
  A troll (shapeshifter) (Vaults:5)
  16 trolls
  14 hornets
  A tengu simulacrum (Depths:1)
  A hornet (shapeshifter) (Depths:2)
  A spriggan zombie (Depths:2)
  12 polar bears
  Prince Ribbit (Lair:1)
  A blink frog (shapeshifter) (Vaults:2)
  24 slime creatures
  A hippogriff (shapeshifter) (Depths:3)
  11 blink frogs
  6 bog bodies
  7 hippogriffs
  The ghost of Canard the Digger, an amateur OpEE (D:4)
  A snapping turtle (shapeshifter) (Elf:1)
  A fire dragon zombie (D:15)
  8 redbacks
  8 spriggans
  9 air elementals
  3 shadows
  A deep troll skeleton (D:15)
  4 flying skulls (Depths:1)
  14 wyverns
  Sigmund (D:4)
  A tarantella (shapeshifter) (Vaults:4)
  8 wraiths
  A golden eye (shapeshifter) (Vaults:5)
  14 water elementals
  54 yaks
  4 hogs
  7 basilisks
  8 fire elementals
  A human (D:8)
  4 steam dragons
  A hog (shapeshifter) (Depths:1)
  A hungry ghost (D:7)
  2 vampire mosquitoes (Swamp:3)
  5 insubstantial wisps (Swamp:1)
  3 acid dragons
  13 wargs
  23 swamp worms
  18 water moccasins
  21 hell hounds
  A soldier ant (shapeshifter) (Vaults:3)
  A swamp worm (shapeshifter) (Vaults:5)
  53 nagas
  21 swamp drakes
  A floating eye (shapeshifter) (Elf:3)
  6 porcupines
  2 floating eyes
  59 orc warriors
  9 sky beasts
  A sky beast (shapeshifter) (Depths:2)
  6 ice beasts
  2 eyes of draining
  11 black bears (Lair:6)
  8 boggarts
  4 phantoms
  3 necrophages
  40 wolves
  59 ogres
  16 centaurs
  11 crocodiles
  A tengu (shapeshifter) (D:8)
  3 big kobolds
  A big kobold (shapeshifter) (Depths:3)
  12 bullfrogs
  Blork the orc (D:6)
  2 wyvern zombies
  5 earth elementals
  A deep troll simulacrum (Vaults:3)
  8 scorpions
  29 killer bees
  5 wights (D:7)
  5 howler monkeys
  6 crimson imps
  A quasit (D:10)
  5 bullfrog zombies
  4 hounds
  4 centaur zombies
  7 jellies
  Crazy Yiuf (D:4)
  2 gnoll shamans
  41 orc priests
  An iron imp (Depths:4)
  2 bullfrog skeletons
  2 centaur skeletons
  3 iguanas
  42 orc wizards
  15 worker ants
  2 hell rats (Lair:6)
  Ijyb (D:3)
  A killer bee zombie (D:7)
  A hound zombie (D:6)
  A hound skeleton (D:6)
  3 worker ant zombies
  A howler monkey skeleton (D:9)
  16 gnolls
  11 river rats (Lair:6)
  18 adders
  4 shadow imps
  A white imp (Depths:4)
  An ufetubus (Depths:2)
  4 oozes
  An adder zombie (D:5)
  3 worms
  2 dart slugs (D:1)
  5 leopard geckos
  119 orcs
  A ball python (D:2)
  5 giant cockroaches
  6 goblins
  11 hobgoblins
  18 jackals
  6 quokkas
  2 bats
  4 frilled lizards
  35 kobolds
  A leopard gecko skeleton (D:5)
  10 rats
  A crawling corpse (Elf:3)
  A plant (Lair:2)
2494 creatures vanquished.

Vanquished Creatures (collateral kills)
  Vashnia (Snake:3)
  A thorn hunter (Swamp:3)
  2 nagarajas
  A draconian scorcher (Zot:4)
  A vault warden (Vaults:2)
  A deep elf sorcerer (Vaults:5)
  Louise (Snake:3)
  2 frost giants (Depths:2)
  A stone giant (Vaults:5)
  A deep elf demonologist (Elf:3)
  3 slime creatures
  A deep elf annihilator (Vaults:2)
  A blizzard demon (Depths:4)
  A great orb of eyes (Depths:3)
  2 naga warriors
  A centaur warrior (Depths:2)
  A deep troll earth mage (Depths:2)
  4 naga sharpshooters (Snake:3)
  2 dancing weapons (Elf:2)
  2 hell knights (Depths:3)
  A swamp dragon (Swamp:3)
  A naga ritualist (Snake:3)
  2 harpies (Vaults:3)
  2 ironbrand convokers
  5 ugly things
  3 deep elf magi
  2 salamanders
  A black mamba (Snake:4)
  4 naga magi (Snake:3)
  A vault sentinel (Vaults:5)
  A spiny frog (Swamp:3)
  5 yaktaurs
  A freezing wraith (Depths:4)
  A water elemental (Depths:2)
  2 vampire mosquitoes (Swamp:3)
  A swamp worm (Swamp:2)
  6 nagas
  An ice beast (Depths:4)
  2 swamp drakes (Swamp:3)
  An orc priest (Vaults:1)
  An orc (Vaults:1)
74 creatures vanquished.

Vanquished Creatures (others)
  A deep elf knight (Elf:1)
  A deep troll (Vaults:1)
  A deep elf mage (Elf:2)
  A naga mage (Snake:4)
  A slime creature (D:12)
  A hornet (Swamp:4)
  A swamp drake (Swamp:1)
  An orc wizard (Vaults:5)
  21 fungi
  25 plants
54 creatures vanquished.

Grand Total: 2622 creatures vanquished

Notes
Turn   | Place    | Note
-------+----------+-------------------------------------------
     0 | D:1      | fili the Gargoyle Berserker began the quest for the Orb.
     0 | D:1      | Reached XP level 1. HP: 14/14 MP: 1/1
   204 | D:1      | Reached XP level 2. HP: 19/19 MP: 2/2
   826 | D:1      | Reached skill level 4 in Fighting
   929 | D:2      | Reached XP level 3. HP: 24/24 MP: 3/3
  1082 | D:2      | Found a burning altar of Makhleb.
  1082 | D:2      | Found a sparkling altar of Nemelex Xobeh.
  1082 | D:2      | Found a faded altar of an unknown god.
  1082 | D:2      | Found a faded altar of an unknown god.
  1093 | D:2      | Found a stormy altar of Qazlal.
  1119 | D:2      | Reached XP level 4. HP: 22/30 MP: 4/4
  1256 | D:2      | Reached ** piety under Trog
  2233 | D:3      | Reached skill level 5 in Fighting
  2233 | D:3      | Reached XP level 5. HP: 35/35 MP: 5/5
  2705 | D:3      | Noticed Ijyb
  2737 | D:3      | Killed Ijyb
  2933 | D:4      | Found a runed door.
  2937 | D:4      | Noticed Crazy Yiuf
  2947 | D:4      | Killed Crazy Yiuf
  2947 | D:4      | Reached skill level 5 in Maces & Flails
  2947 | D:4      | Reached XP level 6. HP: 40/40 MP: 6/6
  3030 | D:4      | Noticed Canard's ghost (amateur OpEE)
  3041 | D:4      | Killed Canard's ghost
  3041 | D:4      | Reached skill level 6 in Fighting
  3056 | D:4      | Found a staircase to the Ecumenical Temple.
  3129 | D:4      | Noticed Sigmund
  3203 | D:4      | Killed Sigmund
  3203 | D:4      | Reached *** piety under Trog
  3203 | D:4      | Reached XP level 7. HP: 47/47 MP: 7/7
  3412 | D:4      | Reached skill level 7 in Fighting
  3614 | D:3      | Gained mutation: You are agile. (Dex +2) [potion of mutation]
  3614 | D:3      | Gained mutation: You are partially covered in iridescent scales. (AC +2) [potion of mutation]
  3614 | D:3      | Gained mutation: You are weak. (Str -2) [potion of mutation]
  3614 | D:3      | Gained mutation: Your flesh is heat resistant. (rF+) [potion of mutation]
  3631 | D:5      | Entered Level 5 of the Dungeon
  3666 | D:5      | Gained mutation: Your body sometimes deteriorates upon taking damage. [mutagenic meat]
  3686 | D:5      | Lost mutation: Your body sometimes deteriorates upon taking damage. [mutagenic meat]
  3688 | D:5      | Gained mutation: You are dopey. (Int -2) [mutagenic meat]
  3695 | D:5      | Found Saecekurch's Jewellery Boutique.
  3802 | D:5      | Reached XP level 8. HP: 53/53 MP: 8/8
  4018 | D:5      | Found a deep blue altar of Sif Muna.
  4292 | D:5      | Reached skill level 8 in Fighting
  4332 | D:6      | Noticed Blork the orc
  4515 | D:5      | Reached skill level 9 in Fighting
  4622 | D:6      | Reached **** piety under Trog
  4692 | D:6      | Found a radiant altar of Vehumet.
  4874 | D:5      | Reached XP level 9. HP: 47/60 MP: 9/9
  5281 | D:6      | Killed Blork the orc
  5515 | D:7      | Found an opulent altar of Gozag.
  5661 | D:7      | Reached skill level 10 in Fighting
  6395 | D:7      | Reached skill level 10 in Maces & Flails
  6431 | D:8      | Reached skill level 11 in Fighting
  6470 | D:8      | Found an ancient bone altar of Kikubaaqudgha.
  6578 | D:8      | Reached XP level 10. HP: 46/69 MP: 10/10
  6853 | D:8      | You fall through a shaft!
  7455 | D:7      | Reached ***** piety under Trog
  7502 | D:8      | Reached skill level 12 in Fighting
  7565 | D:8      | Gained mutation: Scrolls take you a little longer to read. [mutagenic meat]
  7566 | D:8      | Gained mutation: You possess an exceptional clarity of mind. [mutagenic meat]
  8068 | D:9      | Noticed an orb spider
  8068 | D:9      | a human changed into an orb spider
  8070 | D:9      | Killed an orb spider
  8070 | D:9      | Reached XP level 11. HP: 76/76 MP: 11/11
  8089 | D:9      | Lost mutation: You are dopey. (Int -2) [potion of mutation]
  8089 | D:9      | Lost mutation: Scrolls take you a little longer to read. [potion of mutation]
  8089 | D:9      | Lost mutation: You are partially covered in iridescent scales. (AC +2) [potion of mutation]
  8089 | D:9      | Lost mutation: You are weak. (Str -2) [potion of mutation]
  8089 | D:9      | Lost mutation: You possess an exceptional clarity of mind. [potion of mutation]
  8089 | D:9      | Gained mutation: Your body sometimes deteriorates upon taking damage. [potion of mutation]
  8089 | D:9      | Gained mutation: You are resistant to hostile enchantments. (MR+) [potion of mutation]
  8274 | D:9      | Got a translucent falchion
  8471 | D:9      | Reached skill level 13 in Fighting
  8604 | D:9      | Received a gift from Trog
  9101 | D:10     | Entered Level 10 of the Dungeon
  9293 | D:10     | Lost mutation: You are resistant to hostile enchantments. (MR+) [mutagenic meat]
  9295 | D:10     | Gained mutation: You passively map a small area around you. [mutagenic meat]
  9297 | D:10     | Gained mutation: You occasionally shout uncontrollably at your foes. [mutagenic meat]
  9298 | D:10     | Gained mutation: You have a beak for a mouth. [mutagenic meat]
  9338 | D:10     | Noticed salade2fruit's ghost (novice OpCj)
  9349 | D:10     | Killed salade2fruit's ghost
  9369 | D:10     | Gained mutation: Your mind is acute. (Int +2) [mutagenic meat]
  9371 | D:10     | Gained mutation: You are frail. (-10% HP) [mutagenic meat]
  9372 | D:10     | Gained mutation: Your muscles are strong. (Str +2) [mutagenic meat]
  9555 | D:10     | Found Juk Ome's Food Boutique.
  9558 | D:10     | Got a glittering glass ring
  9566 | D:10     | Identified the cursed ring "Bisefuaw" {Dex-3 Stlth+} (You found it on level 10 of the Dungeon)
  9668 | D:10     | Found Minookk's Food Shop.
  9720 | D:10     | Found Rebryl's Antique Weapon Boutique.
  9864 | D:10     | Noticed a two-headed ogre
  9871 | D:10     | Killed a two-headed ogre
  9888 | D:10     | Found a sacrificial altar of Ru.
  9995 | D:11     | Noticed an orc knight
 10016 | D:10     | Killed an orc knight
 10016 | D:10     | Reached skill level 14 in Fighting
 10037 | D:10     | Bought a meat ration for 60 gold pieces
 10037 | D:10     | Bought a bread ration for 60 gold pieces
 10037 | D:10     | Bought a meat ration for 60 gold pieces
 10037 | D:10     | Bought a bread ration for 60 gold pieces
 10037 | D:10     | Bought a bread ration for 60 gold pieces
 10037 | D:10     | Bought a bread ration for 60 gold pieces
 10175 | D:11     | Noticed an eight-headed hydra
 10200 | D:11     | Killed an eight-headed hydra
 10212 | D:11     | Found a staircase to the Orcish Mines.
 10299 | D:11     | Noticed a two-headed ogre
 10531 | D:11     | Killed a two-headed ogre
 10531 | D:11     | Reached XP level 12. HP: 73/77 MP: 12/12
 10557 | D:11     | Received a gift from Trog
 10873 | D:11     | Found Bakikeod's Antique Weapon Boutique.
 10873 | D:11     | Noticed a two-headed ogre
 10881 | D:11     | Killed a two-headed ogre
 10911 | D:11     | Found a staircase to the Lair.
 10919 | D:11     | Reached skill level 15 in Fighting
 11018 | Lair:1   | Entered Level 1 of the Lair of Beasts
 11627 | Lair:1   | Noticed Prince Ribbit
 11741 | Lair:1   | Killed Prince Ribbit
 12031 | Lair:1   | Noticed a seven-headed hydra
 12043 | Lair:1   | Killed a seven-headed hydra
 12628 | Lair:2   | Reached XP level 13. HP: 76/83 MP: 13/13
 12680 | Lair:2   | Reached skill level 16 in Fighting
 12972 | Lair:2   | Received a gift from Trog
 12977 | Lair:2   | Reached skill level 15 in Maces & Flails
 14428 | Lair:3   | Reached skill level 17 in Fighting
 14840 | Lair:3   | You fall through a shaft for 2 floors!
 14863 | Lair:5   | Found a staircase to the Slime Pits.
 14985 | Lair:5   | Got a tiger eye-encrusted chain mail
 14986 | Lair:5   | Identified the +6 chain mail of the Ban {rPois MR+ Regen+ MP-9} (You found it on level 5 of the Lair of Beasts)
 15479 | Lair:5   | Gained mutation: Your large and strong wings let you fly indefinitely. [Gargoyle growth]
 15479 | Lair:5   | Reached XP level 14. HP: 66/91 MP: 5/14
 15733 | Lair:6   | Entered Level 6 of the Lair of Beasts
 15806 | Lair:6   | Received a gift from Trog
 16102 | Lair:5   | Reached skill level 18 in Fighting
 16102 | Lair:5   | Reached skill level 5 in Armour
 16102 | Lair:5   | Reached XP level 15. HP: 97/97 MP: 6/15
 16266 | Lair:6   | Reached ****** piety under Trog
 16399 | Lair:6   | Received a gift from Trog
 16857 | Lair:6   | Noticed Snorg
 16867 | Lair:6   | Killed Snorg
 16947 | Lair:6   | Reached skill level 5 in Dodging
 17464 | Lair:6   | Got a crystal war axe
 17465 | Lair:6   | Identified the +8 war axe "Iczyciha" {protect, MR+ Dex+9} (You found it on level 6 of the Lair of Beasts)
 17562 | Lair:5   | Received a gift from Trog
 17753 | Lair:4   | Noticed Harold
 17767 | Lair:4   | Killed Harold
 17815 | Lair:4   | Reached XP level 16. HP: 89/104 MP: 7/16
 17880 | Lair:4   | Found a staircase to the Swamp.
 17915 | Lair:4   | Found a staircase to the Snake Pit.
 18016 | Lair:4   | Reached skill level 19 in Fighting
 18468 | Orc:1    | Entered Level 1 of the Orcish Mines
 18527 | Orc:1    | Found Foez's Assorted Antiques.
 19055 | Orc:1    | Found Pasa Puw's Antique Weapon Boutique.
 19078 | Orc:1    | Received a gift from Trog
 19117 | Orc:1    | Found Byjeumo's Distillery.
 19125 | Orc:1    | Bought a potion of haste for 130 gold pieces
 19125 | Orc:1    | Bought a potion of heal wounds for 65 gold pieces
 19125 | Orc:1    | Bought a potion of haste for 130 gold pieces
 19125 | Orc:1    | Bought a potion of heal wounds for 65 gold pieces
 19261 | Orc:1    | Found Waethe's Assorted Antiques.
 19308 | Orc:1    | Found Mor Cionwu's Weapon Shop.
 19388 | Orc:2    | Entered Level 2 of the Orcish Mines
 19435 | Orc:2    | Found a staircase to the Elven Halls.
 20419 | Orc:2    | Found Iggonaenn's Food Shoppe.
 20419 | Orc:2    | Found Giuv's Magic Scroll Emporium.
 20421 | Orc:2    | Found Afysob's Food Emporium.
 20437 | Orc:2    | Found Oschihuel's Book Shoppe.
 20906 | Snake:1  | Entered Level 1 of the Snake Pit
 20934 | Snake:1  | Reached skill level 10 in Armour
 21078 | Lair:4   | Received a gift from Trog
 21277 | Snake:1  | Reached skill level 1 in Crossbows
 21345 | Snake:1  | Found Awkimp's Food Shoppe.
 21385 | Snake:1  | Found a transporter.
 21477 | Snake:1  | Found Jehia's Weapon Shop.
 21546 | Snake:1  | Found Haeg's Antique Armour Shop.
 21712 | Snake:1  | Found a transporter.
 22381 | Snake:2  | Noticed a nagaraja
 22399 | Snake:2  | Killed a nagaraja
 22637 | Snake:2  | Reached XP level 17. HP: 80/111 MP: 8/17
 22930 | Snake:2  | Noticed Asterion
 22947 | Snake:2  | Received a gift from Trog
 23083 | Snake:2  | Noticed an Executioner
 23087 | Snake:2  | Reached skill level 20 in Fighting
 23093 | Snake:2  | Noticed an Executioner
 23096 | Snake:2  | Killed Asterion
 23096 | Snake:2  | Reached skill level 5 in Crossbows
 23696 | Snake:3  | Noticed Vashnia
 23713 | Snake:3  | Killed Vashnia
 23715 | Snake:3  | Noticed Louise
 23725 | Snake:3  | Killed Louise
 24019 | Snake:3  | Received a gift from Trog
 24285 | Snake:3  | Received a gift from Trog
 24879 | Snake:4  | Entered Level 4 of the Snake Pit
 24879 | Snake:4  | Noticed Saint Roka
 24997 | Snake:4  | Reached skill level 10 in Dodging
 25289 | Snake:4  | Reached XP level 18. HP: 117/117 MP: 9/18
 25490 | Snake:4  | Received a gift from Trog
 25733 | Snake:4  | Reached skill level 21 in Fighting
 26114 | Snake:4  | Received a gift from Trog
 26187 | Snake:4  | Got a twisted great mace {god gift}
 26188 | Snake:4  | Identified the +2 great mace "Miatuqul" {crush, +Fly Int+7 Dex+3} (Trog gifted it to you on level 4 of the Snake Pit)
 26309 | Snake:4  | Got a serpentine rune of Zot
 26970 | Swamp:1  | Entered Level 1 of the Swamp
 27153 | Swamp:1  | Reached skill level 1 in Axes
 27840 | Swamp:2  | Received a gift from Trog
 28192 | Swamp:2  | Identified 2 scrolls of acquirement
 28311 | Swamp:3  | Got a translucent bronze ring
 28318 | Swamp:3  | Identified the ring "Wiup" {rPois rF+ MR+ Stlth+} (You found it on level 3 of the Swamp)
 28461 | Swamp:3  | Received a gift from Trog
 28467 | Swamp:3  | Reached XP level 19. HP: 100/125 MP: 10/19
 29061 | Swamp:4  | Entered Level 4 of the Swamp
 29198 | Swamp:3  | Reached skill level 22 in Fighting
 29198 | Swamp:3  | Reached skill level 5 in Axes
 29752 | Swamp:4  | Received a gift from Trog
 30003 | Swamp:4  | Got a decaying rune of Zot
 30654 | D:12     | Received a gift from Trog
 30732 | D:12     | Noticed Azrael
 30749 | D:12     | Killed Azrael
 30841 | D:12     | Noticed Frances
 30848 | D:12     | Killed Frances
 31014 | D:12     | Noticed Nessos
 31058 | D:12     | Killed Nessos
 31492 | D:13     | Found a gate to the Vaults.
 31689 | D:13     | Received a gift from Trog
 31803 | D:13     | Found Dong's Food Emporium.
 32478 | Vaults:1 | Entered Level 1 of the Vaults
 32775 | Vaults:1 | Reached skill level 23 in Fighting
 32775 | Vaults:1 | Reached XP level 20. HP: 117/133 MP: 11/20
 33037 | Vaults:1 | Received a gift from Trog
 33343 | Vaults:1 | Received a gift from Trog
 33367 | Vaults:1 | Noticed Aizul
 33381 | Vaults:1 | Killed Aizul
 33806 | Vaults:1 | Received a gift from Trog
 33814 | Vaults:1 | Got a twisted arbalest {god gift}
 33815 | Vaults:1 | Identified the +5 arbalest of Eternal Harmony {velocity, rPois Str+2 Dex+4} (Trog gifted it to you on level 1 of the Vaults)
 35782 | Vaults:2 | Received a gift from Trog
 36521 | Vaults:2 | Reached skill level 24 in Fighting
 37039 | Vaults:2 | Received a gift from Trog
 37039 | Vaults:2 | Reached XP level 21. HP: 107/140 MP: 12/21
 37241 | Vaults:3 | Received a gift from Trog
 37272 | Vaults:3 | Found Puar's Antique Armour Shop.
 37598 | Vaults:3 | Received a gift from Trog
 37703 | Vaults:3 | Got a slimy leather armour
 38952 | Vaults:3 | Received a gift from Trog
 39419 | Vaults:3 | Found a staircase to the Crypt.
 39419 | Vaults:3 | Found an ancient bone altar of Kikubaaqudgha.
 39420 | Vaults:3 | Found a basalt altar of Yredelemnul.
 39817 | Vaults:3 | Reached skill level 25 in Fighting
 40766 | Vaults:3 | Reached XP level 22. HP: 147/147 MP: 13/22
 41139 | Vaults:4 | Received a gift from Trog
 41741 | Vaults:4 | Got a twisted chain mail
 42862 | Vaults:4 | Received a gift from Trog
 43137 | D:14     | Found a runed door.
 43436 | D:14     | Got a shimmering bronze ring
 43952 | D:15     | Entered Level 15 of the Dungeon
 43952 | D:15     | Found a staircase to the Depths.
 44726 | Depths:1 | Entered Level 1 of the Depths
 44939 | Depths:1 | Identified the Reference Book on Clay
 45031 | Depths:1 | Received a gift from Trog
 45203 | Depths:1 | Reached skill level 26 in Fighting
 45337 | Depths:1 | Identified the ring "Mury" {rC+ Str+6 Int+5 SInv} (You found it on level 14 of the Dungeon)
 45611 | Orc:1    | Bought a pair of glowing boots for 142 gold pieces
 45826 | Orc:1    | Bought a scroll of enchant weapon for 142 gold pieces
 45826 | Orc:1    | Bought a scroll of enchant armour for 142 gold pieces
 45917 | Lair:2   | Identified the +8 chain mail of Zadun {*Slow MR+ Int+5} (You found it on level 4 of the Vaults)
 46168 | Depths:1 | Found a one-way gate to the infinite horrors of the Abyss.
 46312 | Depths:1 | Found a gateway to Hell.
 46318 | Depths:1 | Received a gift from Trog
 46629 | Depths:1 | Reached XP level 23. HP: 138/154 MP: 14/23
 46692 | Depths:1 | Found a one-way gate leading to the halls of Pandemonium.
 48062 | Depths:1 | Received a gift from Trog
 48949 | Depths:2 | Found Mearoni's Gadget Shoppe.
 48950 | Depths:2 | Found Jotano's Jewellery Shop.
 48951 | Depths:2 | Found Cuotimus's Gadget Shoppe.
 48958 | Depths:2 | Bought the amulet of Isudos {Spirit rElec rF+ Int+7} for 1116 gold pieces
 49121 | Depths:2 | Received a gift from Trog
 49302 | Depths:3 | Noticed Boris
 49314 | Depths:3 | Killed Boris
 49396 | Depths:3 | Noticed Mara
 49402 | Depths:3 | Noticed fili's illusion
 49730 | Depths:3 | Noticed Margery
 49743 | Depths:3 | Killed Margery
 50025 | Depths:3 | Received a gift from Trog
 50342 | Depths:3 | Noticed a juggernaut
 50368 | Depths:3 | Noticed a caustic shrike
 50368 | Depths:3 | a shadow dragon changed into a caustic shrike
 50374 | Depths:3 | Killed a caustic shrike
 50374 | Depths:3 | Reached XP level 24. HP: 104/162 MP: 5/23
 50525 | Depths:3 | Killed a juggernaut
 50732 | Depths:3 | Noticed fili's illusion
 50906 | Depths:3 | Noticed fili's illusion
 50925 | Depths:3 | Noticed fili's illusion
 50979 | Depths:2 | Received a gift from Trog
 51035 | Depths:3 | Noticed fili's illusion
 51082 | Depths:3 | Killed Mara
 51082 | Depths:3 | Reached skill level 15 in Armour
 51462 | Depths:3 | Reached skill level 27 in Fighting
 51665 | Depths:3 | Noticed a caustic shrike
 51679 | Depths:3 | Killed a caustic shrike
 52182 | Depths:3 | Found a runed door.
 52210 | Depths:3 | Got a heavily runed glass ring
 52211 | Depths:3 | Identified the ring of Awe {Str+2 Int+2 Dex+4 Slay+4} (You took it off a hell knight on level 3 of the Depths)
 52251 | Depths:3 | Noticed a juggernaut
 52259 | Depths:3 | Killed a juggernaut
 52285 | Depths:3 | Got a crude silver ring
 52286 | Depths:3 | Identified the ring of Saqediuh {*Contam rF+ rC+++ MP-9 Str+10} (You took it off a spriggan berserker on level 3 of the Depths)
 52459 | Depths:3 | Got a wavering lapis lazuli ring
 52460 | Depths:3 | Identified the ring "Iffibadu" {*Contam rPois rN+ Str+9 Dex-2} (You took it off a deep elf death mage on level 3 of the Depths)
 53383 | Depths:4 | Found a corrupted altar of Lugonu.
 53506 | Depths:4 | Paralysed by a floating eye for 3 turns
 53558 | Depths:4 | Received a gift from Trog
 53753 | Depths:4 | Got a translucent ivory ring
 53771 | Depths:4 | Got a shimmering hand crossbow
 53774 | Depths:4 | Identified the ring "Deryck" {rF+ Int+3 Stlth+} (You found it on level 4 of the Depths)
 53776 | Depths:4 | Identified the +0 hand crossbow of Psychosis {velocity, Str+4 Dex+7 Stlth-} (You found it on level 4 of the Depths)
 53983 | Depths:4 | Identified the Tome of Flying Summoning
 54039 | Depths:4 | Reached skill level 10 in Crossbows
 54180 | Depths:4 | Found a corrupted altar of Lugonu.
 55095 | Depths:5 | Entered Level 5 of the Depths
 55234 | Depths:5 | Received a gift from Trog
 55349 | Depths:5 | Found Akauskiutt's Magic Scroll Shop.
 55353 | Depths:5 | Bought a scroll of holy word for 120 gold pieces
 55353 | Depths:5 | Bought a scroll of identify for 32 gold pieces
 55410 | Depths:5 | Received a gift from Trog
 55440 | Depths:5 | Found a gateway to a ziggurat.
 55632 | Depths:5 | Reached XP level 25. HP: 158/168 MP: 5/23
 55944 | Depths:5 | Paralysed by a floating eye for 2 turns
 56102 | Depths:5 | Found a gate to the Realm of Zot.
 56753 | Elf:1    | Entered Level 1 of the Elven Halls
 56795 | Elf:1    | Found Uscheise's General Store.
 57111 | Elf:1    | Found Qockomat's Magic Scroll Shoppe.
 57118 | Elf:1    | Bought a scroll of enchant armour for 120 gold pieces
 57118 | Elf:1    | Bought a scroll of holy word for 120 gold pieces
 57118 | Elf:1    | Bought a scroll of identify for 32 gold pieces
 57167 | Elf:1    | Received a gift from Trog
 57456 | Elf:1    | Found Ofrejef's Assorted Antiques.
 57474 | Elf:1    | Found Eschaut's Assorted Antiques.
 57479 | Elf:1    | Bought a glittering granite ring for 180 gold pieces
 57512 | Elf:1    | Identified the cursed ring "Heony" {*Contam *Slow rN+++ Int-2 SInv} (You bought it in a shop on level 1 of the Elven Halls)
 57550 | Elf:1    | Noticed Agnes
 57558 | Elf:1    | Killed Agnes
 57588 | Elf:1    | Found Efucaen's Distillery.
 57671 | Elf:1    | Received a gift from Trog
 58068 | Elf:2    | Found Lovixev's Gadget Shop.
 58261 | Elf:2    | Reached skill level 15 in Dodging
 58662 | Elf:2    | Found a runed door.
 58671 | Elf:2    | Found a runed door.
 58776 | Elf:2    | Received a gift from Trog
 59194 | Elf:2    | Received a gift from Trog
 59462 | Elf:3    | Entered Level 3 of the Elven Halls
 59772 | Elf:3    | Received a gift from Trog
 59944 | Elf:3    | Received a gift from Trog
 59968 | Elf:3    | Reached XP level 26. HP: 153/173 MP: 4/23
 60175 | Elf:3    | Got a twisted helmet
 60655 | Elf:3    | Received a gift from Trog
 61098 | Elf:3    | Received a gift from Trog
 61220 | Elf:3    | Got a spiked crystal plate armour
 61231 | Elf:3    | Identified the cursed +1 crystal plate armour of Dawn {rC+} (You found it on level 3 of the Elven Halls)
 61250 | Elf:3    | Got a pair of slimy gloves
 61277 | Elf:3    | Identified the +2 pair of gloves "Axujoel" {rN++} (You found it on level 3 of the Elven Halls)
 61458 | Elf:3    | Paralysed by a floating eye for 2 turns
 62388 | Elf:1    | Bought a potion of heal wounds for 90 gold pieces
 62388 | Elf:1    | Bought a potion of heal wounds for 90 gold pieces
 62922 | Vaults:5 | Entered Level 5 of the Vaults
 63245 | Vaults:5 | Noticed an ancient lich
 63253 | Vaults:5 | Killed an ancient lich
 63322 | Vaults:5 | Received a gift from Trog
 63532 | Vaults:5 | Got a silver rune of Zot
 63866 | Vaults:5 | Received a gift from Trog
 65656 | Zot:1    | Entered Level 1 of the Realm of Zot
 65866 | Zot:1    | Reached XP level 27. HP: 172/179 MP: 5/23
 66820 | Zot:1    | You are sucked into a shaft!
 67750 | Zot:2    | Received a gift from Trog
 69753 | Zot:4    | Received a gift from Trog
 70068 | Zot:4    | Received a gift from Trog
 70425 | Zot:4    | Got a crude garnet amulet
 70551 | Zot:4    | Identified the amulet of Baxiggo {RegenMP Int+4} (You found it on level 4 of the Realm of Zot)
 70833 | Depths:5 | Bought a scroll of teleportation for 48 gold pieces
 70833 | Depths:5 | Bought a scroll of teleportation for 48 gold pieces
 71145 | Elf:1    | Bought a scroll of teleportation for 72 gold pieces
 71152 | Elf:1    | Bought a potion of haste for 360 gold pieces
 71152 | Elf:1    | Bought a potion of heal wounds for 180 gold pieces
 71278 | Orc:1    | Bought a potion of resistance for 290 gold pieces
 71749 | Zot:5    | Entered Level 5 of the Realm of Zot
 72395 | Zot:5    | Noticed an ancient lich
 72408 | Zot:5    | Killed an ancient lich
 72683 | Zot:5    | Received a gift from Trog
 72703 | Zot:5    | Noticed an ancient lich
 72713 | Zot:5    | Noticed an orb of fire
 72716 | Zot:5    | Killed an ancient lich
 72724 | Zot:5    | Gained mutation: Armour fits poorly on your strangely shaped body. [an orb of fire]
 72729 | Zot:5    | Gained mutation: Scrolls take you a little longer to read. [an orb of fire]
 72737 | Zot:5    | Killed an orb of fire
 72764 | Zot:5    | HP: 5/179 [quicksilver dragon (10)]
 72765 | Zot:5    | Demolished by a quicksilver dragon

Skill      XL: |  1  2  3  4  5  6  7  8  9 10 11 12 13 14 15 16 17 18 19 20 21 22 23 24 25 26 27 |
---------------+----------------------------------------------------------------------------------+-----
Fighting       | 4 5 6 7 9 11 12 14 15 17 18 19 20 21 23 24 25 26 27 | 27.0
Maces & Flails | 4 5 6 8 10 11 13 14 16 17 18 20 21 | 21.0
Armour         | 5 8 10 12 14 16 18 | 18.3
Dodging        | 3 5 8 10 11 13 14 15 18 22 | 22.8
Crossbows      | 4 8 10 12 13 | 13.1
Axes           | 3 7 |  7.0

Action                   |  1- 3 |  4- 6 |  7- 9 | 10-12 | 13-15 | 16-18 | 19-21 | 22-24 | 25-27 || total
-------------------------+-------+-------+-------+-------+-------+-------+-------+-------+-------++-------
Melee: Mace              |   120 |   196 |       |       |       |       |       |       |       ||   316
       Quarterstaff      |       |    17 |   349 |   336 |       |       |       |       |       ||   702
       Great mace        |       |       |       |   276 |       |   121 |  1143 |  1101 |  1332 ||  3973
       Peck              |       |       |       |    71 |   188 |   324 |   359 |   364 |   423 ||  1729
       Trident           |       |       |       |    14 |       |       |       |       |       ||    14
       Morningstar       |       |       |       |   216 |   718 |     3 |       |       |       ||   937
       War axe           |       |       |       |       |    45 |   911 |       |       |       ||   956
       Triple crossbow   |       |       |       |       |       |       |     1 |       |     1 ||     2
 Fire: Blowgun           |       |       |     1 |       |       |       |       |       |       ||     1
       Arbalest          |       |       |       |       |     1 |    66 |       |       |       ||    67
       Triple crossbow   |       |       |       |       |       |   187 |   372 |   409 |   487 ||  1455
Throw: Stone             |     4 |       |       |       |       |       |       |       |       ||     4
       Tomahawk          |       |       |       |       |       |    44 |     1 |       |       ||    45
Invok: Berserk           |       |     3 |     3 |     6 |     4 |     6 |     1 |     3 |     2 ||    28
       Brothers in Arms  |       |       |       |       |       |     8 |     3 |     9 |    12 ||    32
       Trog's Hand       |       |       |       |       |       |     6 |     6 |     5 |     5 ||    22
       Burn Spellbooks   |       |       |       |       |       |       |       |     1 |     2 ||     3
 Abil: Fly               |       |       |       |       |       |     1 |       |       |       ||     1
       Stop Flying       |       |       |       |       |       |     1 |       |       |       ||     1
Evoke: Wand              |       |       |     1 |     1 |       |       |       |       |    30 ||    32
  Use: Scroll            |     4 |     4 |     4 |    10 |    11 |     4 |     5 |    17 |    22 ||    81
       Potion            |     1 |     2 |     3 |     4 |     3 |     2 |       |     5 |    14 ||    34
 Stab: Paralysed         |       |       |     7 |     5 |       |       |       |       |       ||    12
       Distracted        |       |       |       |       |       |       |     1 |     2 |       ||     3
  Eat: Chunk             |     1 |     8 |    13 |    36 |    16 |    28 |    39 |    27 |    20 ||   188
       Bread ration      |       |     1 |       |     1 |       |       |       |     1 |       ||     3
       Royal jelly       |       |       |     1 |       |       |     6 |     3 |    12 |    12 ||    34
       Fruit             |       |       |       |     1 |     6 |     9 |       |       |    14 ||    30
       Meat ration       |       |       |       |       |       |       |       |       |     2 ||     2
Armor: Leather armour    |     9 |       |       |       |       |       |       |       |       ||     9
       Scale mail        |    63 |   140 |    24 |       |       |       |       |       |       ||   227
       Plate armour      |       |       |   290 |   839 |   156 |       |       |       |       ||  1285
       Chain mail        |       |       |       |       |   473 |   739 |   781 |   827 |  1105 ||  3925
       Skin              |       |       |       |       |       |       |    10 |       |       ||    10
       Ice dragon scales |       |       |       |       |       |       |     8 |       |       ||     8
Dodge: Dodged            |    63 |   127 |   107 |   300 |   132 |   742 |   842 |   859 |  1322 ||  4494
       Deflected         |       |       |     3 |     2 |     2 |   101 |    86 |    72 |    45 ||   311
Block: Other             |       |     3 |    23 |    58 |       |    62 |    99 |    49 |       ||   294
       Large shield      |       |       |       |   219 |   734 |   308 |       |       |       ||  1261
       Reflection        |       |       |       |     1 |     3 |    15 |     6 |     3 |       ||    28
